 Dungeon Crawl Stone Soup version 0.27-a0-1525-g1038ab4fd7 (webtiles) character file.

Game seed: 8357886690682885960

5345 Zonian the Destroyer (level 10, -2/66 HPs)
             Began as a Gnoll Conjurer on July 10, 2021.
             Was a Follower of Hepliaklqana.
             Slain by a two-headed ogre (22 damage)
             ... on level 8 of the Dungeon.
             The game lasted 00:20:43 (14577 turns).

Zonian the Destroyer (Gnoll Conjurer)              Turns: 14577, Time: 00:20:43

Health: -2/66      AC: 10    Str:  6    XL:     10   Next: 65%
Magic:  12/21      EV: 14    Int: 22    God:    Hepliaklqana [*.....]
Gold:   603        SH:  5    Dex: 10    Spells: 11/24 levels left

rFire    . . .     SeeInvis .   D - +2 whip (elec)
rCold    + . .     Faith    .   (no shield)
rNeg     . . .     Spirit   .   a - +0 robe
rPois    .         Reflect  +   A - +0 helmet
rElec    +         Harm     .   q - +2 cloak "Vahagriw" {rElec rC+}
rCorr    +         Rampage  .   b - +2 pair of gloves
Will     .....                  (no boots)
Stlth    +++.......             h - amulet of reflection
HPRegen  0.21/turn              c - ring of resist corrosion
MPRegen  0.17/turn              (no ring)

@: no status effects
A: reduced essence, fangs 1, strong nose, distributed training
a: Renounce Religion, Recall Ancestor, Ancestor Identity


You were on level 8 of the Dungeon.
You worshipped Hepliaklqana.
Hepliaklqana was aware of your devotion.
You visited 2 branches of the dungeon, and saw 9 of its levels.

You collected 603 gold pieces.

Inventory:

Hand Weapons
 f - a +0 dagger
 m - a +0 shortbow
 t - a +2 hand axe of freezing
 w - a +4 falchion
 y - a +0 vorpal spear
 C - a +2 vorpal battleaxe
 D - a +2 whip of electrocution (weapon)
 G - a +0 hunting sling
 J - a +0 lajatang
Missiles
 l - 17 poisoned darts
 n - 2 throwing nets
 r - 7 curare-tipped darts
 B - 83 arrows
 H - 37 sling bullets
Armour
 a - a +0 robe (worn)
 b - a +2 pair of gloves (worn)
 q - the +2 cloak "Vahagriw" (worn) {rElec rC+}
   (You found it on level 4 of the Dungeon)

   rC:        It protects you from cold.
   rElec:     It insulates you from electricity.
 A - a +0 helmet (worn)
 E - the +0 tower shield "Mafruwku" {rF+ Dex+3 Stlth+}
   (You found it on level 6 of the Dungeon)

   Dex:       It affects your dexterity (+3).
   rF:        It protects you from fire.
   Stlth:     It makes you more stealthy.
 F - a +3 scale mail
Jewellery
 c - a ring of resist corrosion (left hand)
 h - an amulet of reflection (around neck)
Wands
 j - a wand of iceblast (5)
 p - a wand of flame (9)
 u - a wand of paralysis (7)
Scrolls
 g - 3 scrolls of teleportation
 o - a scroll of magic mapping
 z - a scroll of blinking
 K - a scroll of identify
Potions
 d - a potion of brilliance
 e - a potion of haste
 i - 2 potions of attraction
 k - 4 potions of lignification
 s - a potion of heal wounds {unknown}
 v - 4 potions of curing {unknown}
 x - 2 potions of ambrosia {unknown}
 I - a potion of resistance


   Skills:
 + Level 5.4 Fighting
 + Level 5.4 Short Blades
 + Level 5.4 Long Blades
 + Level 5.4 Axes
 + Level 5.4 Maces & Flails
 + Level 5.4 Polearms
 + Level 5.4 Staves
 + Level 5.4 Slings
 + Level 5.4 Bows
 + Level 5.4 Crossbows
 + Level 5.4 Throwing
 + Level 5.4 Armour
 + Level 7.2 Dodging
 + Level 7.0 Stealth
 + Level 5.4 Shields
 + Level 5.4 Unarmed Combat
 + Level 7.5 Spellcasting
 + Level 8.5 Conjurations
 + Level 4.5 Hexes
 + Level 4.5 Summonings
 + Level 4.5 Necromancy
 + Level 4.5 Translocations
 + Level 4.5 Transmutations
 + Level 4.5 Fire Magic
 + Level 4.5 Ice Magic
 + Level 4.5 Air Magic
 + Level 4.5 Earth Magic
 + Level 4.5 Poison Magic
 + Level 6.0 Invocations
 + Level 5.4 Evocations


You had 11 spell levels left.
You knew the following spells:

 Your Spells              Type           Power      Damage    Failure   Level
a - Magic Dart            Conj           100%       1d8       1%          1
b - Searing Ray           Conj           90%        3d6       1%          2
c - Mephitic Cloud        Conj/Pois/Air  34%        N/A       1%          3
d - Ignite Poison         Fire/Tmut/Pois 28%        N/A       3%          3
e - Iskenderun's Mystic   Conj/Tloc      37%        2d9       5%          4

Your spell library contained the following spells:

 Spells                   Type           Power      Damage    Failure   Level
 Dazzling Flash           Conj/Hex       74%        N/A       1%          3
 Gell's Gravitas          Tloc           14%        N/A       3%          3
 Lesser Beckoning         Tloc           14%        N/A       3%          3
 Teleport Other           Tloc           28%        N/A       3%          3
 Fulminant Prism          Conj/Hex       18%        3d11      5%          4
 Airstrike                Air            14%        N/A       12%         4
 Animate Armour           Summ/Erth      56%        N/A       12%         4
 Summon Lightning Spire   Summ/Air       28%        N/A       12%         4
 Lightning Bolt           Conj/Air       18%        1d33      14%         5
 Bolt of Magma            Conj/Fire/Erth 17%        4d9       19%         5
 Blade Hands              Tmut           14%        N/A       34%         5
 Iron Shot                Conj/Erth      18%        9d4       63%         6


Dungeon Overview and Level Annotations

Branches:
Dungeon (8/15)             Temple (1/1) D:4
   Lair: D:8-11

Altars:
Ashenzari
Cheibriados
Dithmenos
Elyvilon
Fedhas
Gozag
Hepliaklqana
Kikubaaqudgha
Makhleb
Nemelex Xobeh
Okawaru
Qazlal
Ru
Sif Muna
Trog
Uskayaw
Vehumet
Wu Jian
Xom
Yredelemnul
Zin
The Shining One

Annotations:
D:7 1 runed translucent door, reversiblehash's ghost, novice MiFi


Innate Abilities, Weirdness & Mutations

Your life essence is reduced to manifest your ancestor. (-10% HP)
You have very sharp teeth.
Your uncanny sense of smell can sniff out nearby items.
Your experience applies equally to all skills.


Message History

You kill the orc!
Unknown command.
The searing ray hits the two-headed ogre!
The two-headed ogre is moderately wounded.
The searing ray hits the orc!
You kill the orc!
You finish channeling your searing ray.
The two-headed ogre hits you with a +0 giant club!
The two-headed ogre closely misses you.
You block the two-headed ogre's attack. x2
Unknown command.
Casting: Searing Ray (safe; 1% risk of failure)
Confirm with . or Enter, or press ? or * to list all spells.
Aiming: Searing Ray (safe; 1% risk of failure)
Press: ? - help, Shift-Dir - straight line, f - two-headed ogre
Aim: a two-headed ogre, wielding a +0 giant club and a +0 giant spiked club (moderately wounded, ally target, 91% to hit)
The searing ray hits the two-headed ogre!
The two-headed ogre is moderately wounded.
The searing ray hits the troll!
The troll is heavily wounded. (Press . to maintain the ray.)
The two-headed ogre closely misses you.
The two-headed ogre hits you with a +0 giant spiked club!
The searing ray hits the two-headed ogre.
The two-headed ogre is heavily wounded.
The searing ray hits the troll!
The troll is almost dead.
Unknown command.
The searing ray hits the two-headed ogre!
The two-headed ogre is severely wounded.
The searing ray hits the troll!
You kill the troll!
You block the two-headed ogre's attack. The two-headed ogre barely misses you.
Your Stealth skill increases to level 7!
Your Invocations skill increases to level 6!
The searing ray hits the two-headed ogre!
The two-headed ogre is almost dead.
You finish channeling your searing ray.
The two-headed ogre hits you with a +0 giant club!!
You die...

....#
#............#
....#
#.#####.######∆
...^# #.......#
∆ ....#
#.......# ....#
#.......# #
...)######
#.......# .. ∆
....)..†.#
#.......# ...
....####†#
####R#### ....
....# #.#
#@#####.....
....# #.#
#O##........
....# #.#
#.)...≈≈≈..≈
....# #.#
####h...≈..≈
##### #.#
....o≈≈≈≈ #.#
##..≈≈)≈≈≈ #.#
#.o.T≈≈≈. #.#
#..h≈.T≈≈ #.#
#...≈≈;≈.


You could see the friendly Iruma-kun the ancestor and a two-headed ogre (ally
target).

Vanquished Creatures
  Harold (D:7)
  Pikel (D:7)
  A troll (D:8)
  A yak (D:6)
  A steam dragon (D:4)
  Menkaure (D:6)
  A water moccasin (D:5)
  A black bear (D:4)
  An orc warrior (D:6)
  An ice beast (D:6)
  A wolf (D:8)
  An ogre (D:5)
  A necrophage (D:6)
  3 centaurs
  3 lemures
  2 phantoms
  A kobold brigand (D:4)
  2 gnoll sergeants
  A scorpion (D:6)
  7 killer bees
  5 wights (D:6)
  2 centaur zombies
  A gnoll shaman (D:7)
  A jelly (D:6)
  4 hounds
  3 bullfrog skeletons (D:5)
  2 orc priests
  A centaur skeleton (D:7)
  Ijyb (D:4)
  4 iguanas
  5 orc wizards
  A killer bee zombie (D:6)
  6 adders
  4 gnolls
  A shadow imp (D:6)
  An ufetubus (D:6)
  2 dart slugs (D:1)
  24 orcs
  4 ball pythons
  8 endoplasms
  A giant cockroach (D:1)
  8 goblins
  8 hobgoblins
  2 quokkas
  2 bats (D:1)
  4 frilled lizards
  12 kobolds
  5 rats
154 creatures vanquished.

Vanquished Creatures (collateral kills)
  A two-headed ogre (D:8)
  An ice beast (D:7)
  A wolf (D:8)
  A bullfrog (D:8)
  2 gnolls (D:7)
  3 orcs
9 creatures vanquished.

Vanquished Creatures (others)
  An ogre (D:4)
  2 ancestors (D:7)
  A ball python (D:4)
  A kobold (D:4)
  4 plants (D:3)
9 creatures vanquished.

Grand Total: 172 creatures vanquished

Notes
Turn   | Place    | Note
-------+----------+-------------------------------------------
     0 | D:1      | Zonian the Gnoll Conjurer began the quest for the Orb.
     0 | D:1      | Reached XP level 1. HP: 13/13 MP: 6/6
   119 | D:1      | Reached XP level 2. HP: 19/19 MP: 0/7
   140 | D:1      | Learned a level 2 spell: Searing Ray
   450 | D:1      | Reached XP level 3. HP: 25/25 MP: 1/9
   565 | D:1      | Reached skill level 5 in Spellcasting
  1061 | D:2      | Reached skill level 1 in Invocations
  1559 | D:2      | Reached skill level 1 in Fighting
  1559 | D:2      | Reached skill level 1 in Short Blades
  1559 | D:2      | Reached skill level 1 in Long Blades
  1559 | D:2      | Reached skill level 1 in Axes
  1559 | D:2      | Reached skill level 1 in Maces & Flails
  1559 | D:2      | Reached skill level 1 in Polearms
  1559 | D:2      | Reached skill level 1 in Staves
  1559 | D:2      | Reached skill level 1 in Slings
  1559 | D:2      | Reached skill level 1 in Bows
  1559 | D:2      | Reached skill level 1 in Crossbows
  1559 | D:2      | Reached skill level 1 in Throwing
  1559 | D:2      | Reached skill level 1 in Armour
  1559 | D:2      | Reached skill level 1 in Shields
  1559 | D:2      | Reached skill level 1 in Unarmed Combat
  1559 | D:2      | Reached skill level 1 in Evocations
  1978 | D:2      | Reached XP level 4. HP: 32/32 MP: 9/11
  3474 | D:4      | Noticed a phantom
  3483 | D:4      | Killed a phantom
  3484 | D:4      | Reached skill level 1 in Hexes
  3484 | D:4      | Reached skill level 1 in Summonings
  3484 | D:4      | Reached skill level 1 in Necromancy
  3484 | D:4      | Reached skill level 1 in Translocations
  3484 | D:4      | Reached skill level 1 in Transmutations
  3484 | D:4      | Reached skill level 1 in Fire Magic
  3484 | D:4      | Reached skill level 1 in Ice Magic
  3484 | D:4      | Reached skill level 1 in Air Magic
  3484 | D:4      | Reached skill level 1 in Earth Magic
  3484 | D:4      | Reached skill level 1 in Poison Magic
  3484 | D:4      | Reached XP level 5. HP: 35/37 MP: 3/12
  3565 | D:4      | Found an iron altar of Okawaru.
  3903 | D:4      | Noticed Ijyb
  3903 | D:4      | Noticed a black bear
  3929 | D:4      | Killed Ijyb
  3930 | D:4      | Reached XP level 6. HP: 17/44 MP: 5/13
  4254 | D:4      | Noticed a steam dragon
  4255 | D:4      | Identified the +2 cloak "Vahagriw" {rElec rC+}
  4268 | D:4      | Killed a steam dragon
  4269 | D:4      | Reached skill level 5 in Dodging
  4923 | D:4      | Found a staircase to the Ecumenical Temple.
  4980 | D:4      | Killed a black bear
  4981 | D:4      | Reached XP level 7. HP: 51/51 MP: 7/15
  6550 | D:5      | Entered Level 5 of the Dungeon
  6616 | D:5      | Reached skill level 5 in Stealth
  7479 | D:5      | Reached XP level 8. HP: 56/57 MP: 6/16
  7708 | Temple   | Entered the Ecumenical Temple
  7914 | Temple   | Became a worshipper of Hepliaklqana the Forgotten
  9791 | D:6      | Reached XP level 9. HP: 60/65 MP: 0/18
 10743 | D:6      | Reached skill level 8 in Conjurations
 10787 | D:6      | Learned a level 3 spell: Mephitic Cloud
 10791 | D:6      | Learned a level 3 spell: Ignite Poison
 10796 | D:6      | Learned a level 4 spell: Iskenderun's Mystic Blast
 11240 | D:6      | Noticed Menkaure
 11247 | D:6      | Killed Menkaure
 11619 | D:6      | Identified the +0 tower shield "Mafruwku" {rF+ Dex+3
                  | Stlth+}
 11923 | D:7      | Reached * piety under Hepliaklqana
 11961 | D:7      | Noticed Harold
 12017 | D:7      | Noticed Pikel
 12135 | D:7      | Killed Pikel
 12136 | D:7      | Reached skill level 5 in Invocations
 12518 | D:7      | Found a runed translucent door.
 12518 | D:7      | Noticed reversiblehash's ghost (novice MiFi)
 12520 | D:7      | Noticed a cyclops
 12686 | D:7      | Reached XP level 10. HP: 52/65 MP: 20/20
 12848 | D:7      | Killed Harold
 12849 | D:7      | Reached skill level 5 in Fighting
 12849 | D:7      | Reached skill level 5 in Short Blades
 12849 | D:7      | Reached skill level 5 in Long Blades
 12849 | D:7      | Reached skill level 5 in Axes
 12849 | D:7      | Reached skill level 5 in Maces & Flails
 12849 | D:7      | Reached skill level 5 in Polearms
 12849 | D:7      | Reached skill level 5 in Staves
 12849 | D:7      | Reached skill level 5 in Slings
 12849 | D:7      | Reached skill level 5 in Bows
 12849 | D:7      | Reached skill level 5 in Crossbows
 12849 | D:7      | Reached skill level 5 in Throwing
 12849 | D:7      | Reached skill level 5 in Armour
 12849 | D:7      | Reached skill level 5 in Shields
 12849 | D:7      | Reached skill level 5 in Unarmed Combat
 12849 | D:7      | Reached skill level 5 in Evocations
 13772 | D:8      | Noticed a two-headed ogre
 13783 | D:8      | HP: 1/66 [two-headed ogre (13)]
 13783 | D:8      | Killed a two-headed ogre
 14569 | D:8      | Noticed a two-headed ogre
 14577 | D:8      | Slain by a two-headed ogre

Illustrated notes

Levels and vault maps discovered:
D:1:      ncdulo_halloftheorcs, layout_basic
D:2:      layout_loops_ring
D:3:      layout_basic, serial_bayou_lagoon_a
D:4:      cheibrodos_thug_alley, layout_basic, old_standard_altar,
          minmay_temple_entry_from_below_a, minmay_curled_crystal,
          lemuel_old_faithful, uniq_ijyb
D:5:      layout_basic
D:6:      hangedman_cross_stitches, layout_cave_pools, uniq_menkaure
D:7:      layout_loops_cross, ebering_ghost_inner_flame, st_stairs_5,
          minivault_22, uniq_pikel, uniq_harold
D:8:      layout_basic, erik_lair_island, minivault_27, blue_anna_alchemist,
          uniq_maggie
Temple:   minmay_crystal_snake_temple

Skill      XL: |  1  2  3  4  5  6  7  8  9 10 |
---------------+-------------------------------+-----
Spellcasting   | 5 6 7 |  7.5
Invocations    | 1 2 3 4 5 6 |  6.0
Fighting       | 1 2 3 4 5 |  5.4
Short Blades   | 1 2 3 4 5 |  5.4
Long Blades    | 1 2 3 4 5 |  5.4
Axes           | 1 2 3 4 5 |  5.4
Maces & Flails | 1 2 3 4 5 |  5.4
Polearms       | 1 2 3 4 5 |  5.4
Staves         | 1 2 3 4 5 |  5.4
Slings         | 1 2 3 4 5 |  5.4
Bows           | 1 2 3 4 5 |  5.4
Crossbows      | 1 2 3 4 5 |  5.4
Throwing       | 1 2 3 4 5 |  5.4
Armour         | 1 2 3 4 5 |  5.4
Shields        | 1 2 3 4 5 |  5.4
Unarmed Combat | 1 2 3 4 5 |  5.4
Evocations     | 1 2 3 4 5 |  5.4
Hexes          | 1 2 3 4 |  4.5
Summonings     | 1 2 3 4 |  4.5
Necromancy     | 1 2 3 4 |  4.5
Translocations | 1 2 3 4 |  4.5
Transmutations | 1 2 3 4 |  4.5
Fire Magic     | 1 2 3 4 |  4.5
Ice Magic      | 1 2 3 4 |  4.5
Air Magic      | 1 2 3 4 |  4.5
Earth Magic    | 1 2 3 4 |  4.5
Poison Magic   | 1 2 3 4 |  4.5
Dodging        | 5 6 7 |  7.2
Stealth        | 5 6 7 |  7.0
Conjurations   | 8 |  8.5

Action                   |  1- 3 |  4- 6 |  7- 9 | 10-12 || total
-------------------------+-------+-------+-------+-------++-------
Melee: Falchion          |       |       |    49 |       ||    49
       Hand axe          |       |       |     4 |       ||     4
       Bite              |       |       |     5 |     4 ||     9
       Whip              |       |       |    29 |    38 ||    67
       Dagger            |       |       |     1 |     4 ||     5
       Punch             |       |       |     1 |       ||     1
Throw: Dart              |       |       |       |     1 ||     1
       Throwing net      |       |       |       |     1 ||     1
 Cast: Magic Dart        |    71 |    56 |   131 |    27 ||   285
       Searing Ray       |     1 |     9 |    34 |     9 ||    53
Invok: Ancestor Identity |       |       |     1 |       ||     1
Evoke: Wand              |       |     1 |     7 |     1 ||     9
  Use: Scroll            |       |     5 |     9 |       ||    14
 Stab: Sleeping          |       |       |     3 |       ||     3
       Held in net/web   |       |       |       |     3 ||     3
Armor: Robe              |       |     1 |    60 |    12 ||    73
Dodge: Dodged            |     6 |     4 |    98 |    26 ||   134
Block: Other             |       |     1 |    42 |    17 ||    60
       Reflection        |       |       |     1 |       ||     1
       Rpst.: Falchion   |       |       |    21 |       ||    21

Table legend: (Time is in decaauts)
 A = Elapsed time spent in this place.
 B = Non-inter-level travel time spent in this place.
 C = Inter-level travel time spent in this place.
 D = Time resting spent in this place.
 E = Time spent auto-exploring this place.
 F = Levels seen in this place.
 G = Mean time per level.
                   A        B        C        D        E       F      G
               +--------+--------+--------+--------+--------+-----+--------+
         Total |  14608 |  14121 |    487 |   7577 |   4958 |   9 | 1623.1 |
       Dungeon |  14360 |  13915 |    445 |   7577 |   4797 |   8 | 1795.0 |
        Temple |    248 |    206 |     42 |      0 |    161 |   1 |  248.0 |
               +--------+--------+--------+--------+--------+-----+--------+

Top non-repeatable levels by time:
     D:4: 2954 daAuts
     D:5: 2895 daAuts
     D:6: 2604 daAuts
     D:3: 1633 daAuts
     D:7: 1396 daAuts
     D:2: 1129 daAuts
     D:1: 881 daAuts
     D:8: 865 daAuts
  Temple: 248 daAuts
